 Dungeon Crawl Stone Soup version 0.24-a0-380-g7ade4d1b3c (webtiles) character file.

Game seed: 11131410149641740990

63 D1HalberdGnoll the Skirmisher (level 3, -1/33 HPs)
             Began as a Draconian Abyssal Knight on June 3, 2019.
             Was a Follower of Lugonu.
             Slain by a worker ant (4 damage)
             ... on level 4 of the Dungeon.
             The game lasted 00:01:05 (1616 turns).

D1HalberdGnoll the Skirmisher (DrAK)                Turns: 1616, Time: 00:01:06

Health: -1/33      AC:  5    Str: 15    XL:     3   Next: 89%
Magic:  4/4        EV: 12    Int: 12    God:    Lugonu [*.....]
Gold:   105        SH:  0    Dex: 10    Spells: 2/2 levels left

rFire    . . .     SeeInvis .   a - +1 falchion
rCold    . . .     Gourm    .   (no shield)
rNeg     . . .     Faith    .   (armour unavailable)
rPois    .         Spirit   .   (helmet restricted)
rElec    .         Reflect  .   (no cloak)
rCorr    .         Harm     .   (no gloves)
MR       .....                  (no boots)
Stlth    +.........             (no amulet)
HPRegen  0.11/turn              (no ring)
MPRegen  0.09/turn              (no ring)

@: lethally poisoned (-1 -> -15), flying, hasted, very quick
A: unfitting armour, cold-blooded, AC +5
a: Depart the Abyss, Renounce Religion


You were on level 4 of the Dungeon.
You worshipped Lugonu.
Lugonu was aware of your devotion.
You were not hungry.

You visited 1 branch of the dungeon, and saw 3 of its levels.
You visited the Abyss 1 time.

You collected 105 gold pieces.

Inventory:

Hand Weapons
 a - a +1 falchion (weapon)
Jewellery
 d - a cursed ring of attention {unknown}
Scrolls
 c - 2 scrolls of remove curse {unknown}
 e - a scroll of amnesia {unknown}
 f - a scroll of enchant weapon {unknown}
 h - a scroll of immolation {unknown}
 i - 5 scrolls of identify {unknown}
 k - a scroll of random uselessness {unknown}
Comestibles
 b - 4 rations
 l - 3 chunks of flesh


   Skills:
 + Level 3.8 Fighting
 * Level 3.1 Long Blades
 + Level 2.5 Dodging
 + Level 2.6 Invocations


You had 2 spell levels left.
You didn't know any spells.
Your spell library was empty.

Dungeon Overview and Level Annotations

Branches:
Dungeon (2/15)

Altars:
Makhleb


Innate Abilities, Weirdness & Mutations

Your plain brown scales are hard. (AC +5)
You cannot fit into any form of body armour.
You are cold-blooded and may be slowed by cold attacks.


Message History

* * * LOW HITPOINT WARNING * * *
You are more poisoned.
The worker ant poisons you!
* * * LOW HITPOINT WARNING * * *
You feel sick.
It was a potion of cancellation.
You feel magically purged.
* * * LOW HITPOINT WARNING * * *
You feel sick.
The worker ant bites you but does no damage. x2
It was a potion of flight.
You feel very buoyant.
You fly up into the air.
* * * LOW HITPOINT WARNING * * *
You feel sick. The worker ant closely misses you.
You riposte.
You hit the worker ant but do no damage.
The worker ant barely misses you.
It was a potion of haste.
You feel yourself speed up.
* * * LOW HITPOINT WARNING * * *
You feel sick. The worker ant bites you.
You die...

##.....#.# #####.#.#
..#.# #.#.# #.#.#
#.#.# ###.#.#
######.#.# ##.....##
.........###.......#
######.............#
#.#####.......####.
#.........a@.......
#######....a..##.##
#.......# #.......#
####.#### #.# #.#
#.# #.#


You could see 2 worker ants.

Vanquished Creatures
  A worker ant (D:4)
  An adder (D:4)
  A worm (D:2)
  A dart slug (D:1)
  An orc (D:4)
  A giant cockroach (D:1)
  3 hobgoblins (D:1)
  2 kobolds
  5 bats
  3 frilled lizards
  5 goblins
  2 rats
26 creatures vanquished.

Notes
Turn   | Place    | Note
-------+----------+-------------------------------------------
     0 | Abyss:1  | D1HalberdGnoll the Draconian Abyssal Knight began the quest
                  | for the Orb.
     0 | Abyss:1  | Reached XP level 1. HP: 19/19 MP: 2/2
     7 | Abyss:1  | Found a corrupted altar of Lugonu.
    93 | Abyss:1  | Noticed a smoke demon
    94 | D:1      | Escaped the Abyss
   343 | D:1      | Reached XP level 2. HP: 20/26 MP: 3/3
   470 | D:1      | Reached * piety under Lugonu
  1097 | D:2      | Found a burning altar of Makhleb.
  1163 | D:2      | Noticed a green death
  1188 | D:2      | Reached XP level 3. HP: 30/31 MP: 4/4
  1246 | D:2      | You fall into a shaft and drop 2 floors!
  1616 | D:4      | Slain by a worker ant

Levels and vault maps discovered:
D:1:      saegor_arrival_under_anarchy, layout_basic
D:2:      layout_loops_cross, makhleb_altar_promises_db
D:4:      layout_loops_ring, kennysheep_vampire_church, first_ration

Skill      XL: |  1  2  3 |
---------------+----------+-----
Long Blades    | 3 |  3.1
Fighting       | |  3.8
Dodging        | |  2.5
Invocations    | |  2.6

Action                   || total
-------------------------++-------
Melee: Falchion          ||   101
       Tailslap          ||    10
Invok: Depart the Abyss  ||     1
  Use: Potion            ||     4
  Eat: Chunk             ||     2
Armor: Skin              ||    35
Dodge: Dodged            ||    68
       Rpst.: Falchion   ||    18

Table legend:
 A = Non-vault XP
 B = Vault XP
 C = Vault XP percentage of total XP
 D = Non-vault monster count
 E = Vault monster count
 F = Vault count percentage of total count
                 A         B        C        D         E       F
            +---------+---------+-------+---------+---------+-------
      Total |      91 |       0 |   0.0 |      26 |       0 |   0.0
            +---------+---------+-------+---------+---------+-------
        D:1 |      26 |       0 |   0.0 |      15 |       0 |   0.0
        D:2 |      16 |       0 |   0.0 |       8 |       0 |   0.0
        D:4 |      49 |       0 |   0.0 |       3 |       0 |   0.0
            +---------+---------+-------+---------+---------+-------
